 Dungeon Crawl Stone Soup version 0.30-a0-857-gcaf70739d4 (webtiles) character file.

Game seed: 17221198048921477636

238 domi the Conjurer (level 5, -4/52 HPs)
             Began as a Demonspawn Conjurer on Mar 5, 2023.
             Killed themself with a badly aimed iceblast (8 damage)
             ... on level 4 of the Dungeon.
             The game lasted 00:07:45 (3785 turns).

domi the Conjurer (Demonspawn Conjurer)             Turns: 3785, Time: 00:07:45

Health: -4/52      AC: 22    Str:  9 (10) XL:     5   Next: 78%
Magic:  7/8        EV:  2    Int: 17 (20) God:
Gold:   136        SH:  0    Dex: 11 (14) Spells: 1/8 levels left

rFire   . . .      SeeInvis .    d - +0 spear
rCold   . . .      Faith    .    (no shield)
rNeg    . . .      Spirit   .    a - melded +0 robe
rPois   +          Reflect  .    (helmet currently unavailable)
rElec   .          Rampage  .    (cloak currently unavailable)
rCorr   .          NoTele   +    (gloves currently unavailable)
Will    .....                    (boots currently unavailable)
Stlth   ++                       (no amulet)
HPRegen 0.28/turn                (no ring)
MPRegen 0.11/turn                (no ring)

@: tree-form (expiring), attractive
A: stationary, stasis, torment immunity, boosted hp, repulsion field 2,
(weakness stinger 1), agile 1, (cold resistance 1), strong 1
a: no special abilities


You were on level 4 of the Dungeon.
You were a tree.
You visited 1 branch of the dungeon, and saw 4 of its levels.

You collected 136 gold pieces.

Inventory:

Hand Weapons
 d - a +0 spear (weapon)
   (You found it on level 1 of the Dungeon)
 l - the +5 demon whip "Spellbinder" {antimagic, disrupt, Will+}
   (You found it on level 2 of the Dungeon)

   Will:      It increases your willpower.
Missiles
 g - 3 atropa-tipped darts
Armour
 a - a +0 robe (melded)
 j - a +0 pair of gloves
   (You found it on level 2 of the Dungeon)
Jewellery
 r - a ring of protection from cold {rC+}
   (You found it on level 3 of the Dungeon)
Wands
 n - a wand of iceblast (11)
   (You found it on level 2 of the Dungeon)
Scrolls
 c - 2 scrolls of amnesia {unknown}
 e - 5 scrolls of identify {unknown}
 k - a scroll of fog {unknown}
 m - a scroll of immolation {unknown}
 o - a scroll of brand weapon {unknown}
 q - a scroll of enchant armour {unknown}
Potions
 b - a potion of magic
 f - 2 potions of degeneration {!q}
 h - a potion of lignification {!q!q}
 i - a potion of mutation {!q!q}
 p - a potion of attraction {!q}


   Skills:
 - Level 1.7 Dodging
 - Level 1.7 Stealth
 - Level 2.0 Spellcasting
 + Level 7.1 Conjurations


You had one spell level left.
You knew the following spells:

 Your Spells              Type           Power      Damage    Failure   Level
c - Iskenderun's Mystic   Conj/Tloc      13%        2d5       41%         4
x - Searing Ray           Conj           52%        2d6       1%          2
z - Magic Dart            Conj           100%       1d8       1%          1

Your spell library contained the following spells:

 Spells                   Type           Power      Damage    Failure   Level
 Dazzling Flash           Conj/Hex       26%        N/A       14%         3
 Hailstorm                Conj/Ice       13%        3d5       14%         3
 Mephitic Cloud           Conj/Pois/Air  9%         N/A       22%         3
 Call Imp                 Summ           1%         N/A       28%         2
 Fulminant Prism          Conj/Hex       6%         3d7       41%         4
 Ice Form                 Ice/Tmut       1%         N/A       88%         4
 Simulacrum               Ice/Necr       0%         N/A       100%        6


Dungeon Overview and Level Annotations

Branches:
Dungeon (4/15)
 Temple: D:4-7

Altars:

Annotations:
D:3 Ijyb


Innate Abilities, Weirdness & Mutations

You are a tree.
Your roots penetrate the ground, keeping you stationary.
You cannot be teleported.
You are immune to unholy pain and torment.
Your maximum health is greatly increased.
Your equipment is partially melded.
You are surrounded by a moderate repulsion field. (EV +3)
((You have a small tail.))
You are agile. (Dex +4, Str/Int -1)
((Your flesh is cold resistant. (rC+)))
Your muscles are strong. (Str +4, Int/Dex -1)


Message History

Sigmund the Dreaded comes into view.
He is wielding a +0 scythe.
You now have 136 gold pieces (gained 7).
Aim: Sigmund, wielding a +0 scythe and wearing a +0 robe (wandering, hasn't noticed you, 100% to hit)
The magic dart hits Sigmund.
Aim: Sigmund, wielding a +0 scythe and wearing a +0 robe (moderately wounded, 100% to hit)
The magic dart hits Sigmund.
Aim: Sigmund, wielding a +0 scythe and wearing a +0 robe (heavily wounded, 78% to hit)
The searing ray hits Sigmund. (Press . to maintain the ray.) Sigmund mumbles some strange words.
Sigmund flickers and vanishes!
Deactivating autopickup; reactivate with Ctrl-A.
The searing ray hits something!
You are confused.
A magic dart appears from out of thin air!
The magic dart hits you.
Unknown command.
You are more confused.
You are more confused.
A magic dart appears from out of thin air!
The magic dart hits you.
Unknown command.
A magic dart appears from out of thin air!
The magic dart hits you!
Unknown command.
A magic dart appears from out of thin air!
The magic dart hits you.
You're too confused to move!
A magic dart appears from out of thin air!
The magic dart hits you!
* * * LOW HITPOINT WARNING * * *
It was a potion of degeneration.
There was something very wrong with that liquid.
You feel weakened.
You feel dopey.
You feel clumsy.
It was a potion of lignification.
You turn into a tree.
Your +0 robe melds into your body.
Your roots penetrate the ground.
It was a potion of attraction.
You feel attractive to monsters. Something hits you.
* * * LOW HITPOINT WARNING * * *
Something is attracted toward you.
It was a potion of mutation.
You feel extremely strange.
You feel resistant to cold.
You feel stronger.
You feel agile.
You cannot move. (Use ctrl+direction or * direction to attack while stationary and confused.)
You cannot move. (Use ctrl+direction or * direction to attack while stationary and confused.)
You cannot move. (Use ctrl+direction or * direction to attack while stationary and confused.)
You cannot move. (Use ctrl+direction or * direction to attack while stationary and confused.)
There is a strange disturbance nearby!
There is a strange disturbance nearby!
There is a strange disturbance nearby!
There is a strange disturbance nearby!
There is a strange disturbance nearby!
There is a strange disturbance nearby!
There is a strange disturbance nearby!
You miss something.
You hear some strange, mumbled words.
A puff of flame appears from out of thin air!
The puff of flame hits you but does no damage.
You swing at nothing.
Something hits you.
* * * LOW HITPOINT WARNING * * *
You swing at nothing.
You hear some strange, mumbled words.
You are more confused.
You swing at nothing.
Something hits you but does no damage.
You barely miss something. Something hits you.
* * * LOW HITPOINT WARNING * * *
You miss something. You barely miss something. Something hits you.
* * * LOW HITPOINT WARNING * * *
You swing at nothing.
You hear some strange, mumbled words.
You are more confused.
You swing at nothing.
Something hits you.
* * * LOW HITPOINT WARNING * * *
Okay, then.
You attack the rock wall.
Something hits you but does no damage.
You swing at nothing.
You attack the rock wall.
Something hits you but does no damage.
You swing at nothing.
Something hits you but does no damage.
You completely miss something. Your punch misses something.
You swing at nothing.
Something hits you but does no damage.
You swing at nothing.
You hear some strange, mumbled words.
A magic dart appears from out of thin air!
The magic dart hits you but does no damage.
You miss something. Something hits you but does no damage.
You swing at nothing.
Your transformation is almost over.
Something hits you.
* * * LOW HITPOINT WARNING * * *
You swing at nothing.
You hit something but do no damage.
You feel less confused. Something hits you but does no damage.
The mass of ice explodes!
The iceblast engulfs something!
Reactivating autopickup.
You feel a bit more experienced. The iceblast engulfs you!
You die...

##.... ...# ......
#.#.### #....# #..#..##
#....## #..#... #
#)...###....# ###.
#...##...# ...#
##...#...# #..#
##.)...##
#...#####.♣...##
#....##....##..##
#.......##..##......#
#.......###......##..
##.......###......#
#........##..###..#
##........##...###.#
###...............##...
##......................


There were no monsters in sight!

Vanquished Creatures
  Sigmund (D:4)
  Blork the orc (D:4)
  A gnoll bouda (D:3)
  5 gnolls (D:3)
  An adder (D:3)
  A worm (D:2)
  3 dart slugs (D:1)
  3 orcs
  9 bats
  10 endoplasms
  3 giant cockroaches (D:1)
  3 hobgoblins
  2 jackals (D:1)
  5 quokkas
  6 ball pythons
  3 frilled lizards
  10 goblins
  5 kobolds
  4 rats
76 creatures vanquished.

Vanquished Creatures (others)
  14 plants (D:3)
  4 toadstools (D:1)
18 creatures vanquished.

Grand Total: 94 creatures vanquished

Notes
Turn   | Place    | Note
-------+----------+-------------------------------------------
     0 | D:1      | domi the Demonspawn Conjurer began the quest for the Orb.
     0 | D:1      | Reached XP level 1. HP: 13/13 MP: 3/3
   235 | D:1      | Gained mutation: You are surrounded by a mild repulsion
                  | field. (EV +2) [demonic ancestry]
   235 | D:1      | Reached XP level 2. HP: 19/19 MP: 3/5
   758 | D:1      | Reached skill level 5 in Conjurations
   830 | D:1      | Reached XP level 3. HP: 24/24 MP: 3/6
  1650 | D:2      | Learned a level 2 spell: Searing Ray
  2082 | D:2      | Found the +5 demon whip "Spellbinder" {antimagic, disrupt,
                  | Will+}
  2363 | D:3      | Gained mutation: You have a small tail. [demonic ancestry]
  2363 | D:3      | Reached XP level 4. HP: 30/30 MP: 2/7
  2540 | D:3      | Noticed Ijyb
  2592 | D:3      | Reached skill level 6 in Conjurations
  2833 | D:3      | Gained mutation: You are surrounded by a moderate repulsion
                  | field. (EV +3) [demonic ancestry]
  2833 | D:3      | Reached XP level 5. HP: 35/35 MP: 4/8
  3549 | D:3      | Learned a level 4 spell: Iskenderun's Mystic Blast
  3564 | D:4      | Noticed Blork the orc
  3573 | D:4      | Killed Blork the orc
  3574 | D:4      | Reached skill level 7 in Conjurations
  3725 | D:4      | Noticed Sigmund
  3764 | D:4      | Gained mutation: Your flesh is cold resistant. (rC+)
                  | [potion of mutation]
  3764 | D:4      | Gained mutation: Your muscles are strong. (Str +4, Int/Dex
                  | -1) [potion of mutation]
  3764 | D:4      | Gained mutation: You are agile. (Dex +4, Str/Int -1)
                  | [potion of mutation]
  3766 | D:4      | HP: 13/52 [something (3)]
  3771 | D:4      | HP: 5/52 [something (6)]
  3782 | D:4      | HP: 3/52 [something (4)]
  3785 | D:4      | Killed Sigmund
  3785 | D:4      | Killed themself with a badly aimed iceblast

Illustrated notes

Levels and vault maps discovered:
D:1:      ldierk_walled_garden_2, layout_loops_ring, serial_park_tiny_pond,
          minmay_misc_feat_five
D:2:      layout_loops_cross, minmay_increasing_density
D:3:      layout_loops_ring, nicolae_grassy_gnolls, uniq_ijyb
D:4:      cheibrodos_quashed, layout_layer_cave, serial_shops,
          nicolae_shop_statue_plus, gammafunk_ghost_split,
          nicolae_underground_beach, uniq_sigmund, uniq_grinder,
          uniq_blork_the_orc, uniq_pikel

Skill      XL: |  1  2  3  4  5 |
---------------+----------------+-----
Conjurations   | 5 6 7 |  7.1
Dodging        | |  1.7
Stealth        | |  1.7
Spellcasting   | |  2.0

Action                     |  1- 3 |  4- 6 || total
---------------------------+-------+-------++-------
  Melee: Spear             |    11 |     8 ||    19
         Tailslap          |       |     1 ||     1
   Cast: Magic Dart        |   104 |    46 ||   150
         Searing Ray       |     1 |     5 ||     6
  Evoke: Wand              |       |     2 ||     2
    Use: Potion            |       |     4 ||     4
 Armour: Robe              |     2 |     1 ||     3
         Skin              |       |     9 ||     9
  Dodge: Dodged            |     4 |     9 ||    13

Table legend: (Time is in decaauts)
 A = Elapsed time spent in this place.
 B = Non-inter-level travel time spent in this place.
 C = Inter-level travel time spent in this place.
 D = Time resting spent in this place.
 E = Time spent auto-exploring this place.
 F = Levels seen in this place.
 G = Mean time per level.
                   A        B        C        D        E       F      G
               +--------+--------+--------+--------+--------+-----+--------+
         Total |   3789 |   3689 |    100 |    459 |   2796 |   4 |  947.2 |
       Dungeon |   3789 |   3689 |    100 |    459 |   2796 |   4 |  947.2 |
               +--------+--------+--------+--------+--------+-----+--------+

Top non-repeatable levels by time:
     D:1: 1379 daAuts
     D:2: 1111 daAuts
     D:3: 1061 daAuts
     D:4: 236 daAuts

Table legend:
 A = Kills in this place as a percentage of kills in the entire game.
 B = Kills by you in this place as a percentage of kills by you in the entire game.
 C = Kills by friends in this place as a percentage of kills by friends in the entire game.
 D = Other kills in this place as a percentage of other kills in the entire game.
 E = Experience gained in this place as a percentage of experience gained in the entire game.
 F = Experience gained in this place divided by the number of levels of this place that you have seen.
                   A       B       C       D       E      F
               +-------+-------+-------+-------+-------+----------------------
         Total | 100.0 | 100.0 |   N/A |   N/A | 100.0 | 138.5
       Dungeon | 100.0 | 100.0 |   N/A |   N/A | 100.0 | 138.5
               +-------+-------+-------+-------+-------+----------------------
